 Dungeon Crawl Stone Soup version 0.20.1-1-g8b1a95d (webtiles) character file.

3427 Irenicus the Insei (level 9, 0/76 HPs)
             Began as a Deep Dwarf Transmuter on Oct 20, 2017.
             Was an Initiate of Makhleb.
             Killed from afar by Erica (21 damage)
             ... with an orb of energy
             ... on level 9 of the Dungeon.
             The game lasted 00:30:40 (6170 turns).

Irenicus the Insei (Deep Dwarf Transmuter)          Turns: 6170, Time: 00:30:41

Health: 0/76       AC:  2    Str: 14    XL:     9   Next: 76%
Magic:  8/16       EV: 27    Int: 14    God:    Makhleb [......]
Gold:   323        SH:  0    Dex: 21    Spells: 12/18 levels left

rFire    . . .     SeeInvis +     - Unarmed
rCold    . . .     Gourm    .   (shield currently unavailable)
rNeg     . . .     Faith    .   (armour currently unavailable)
rPois    .         Spirit   .   (helmet currently unavailable)
rElec    .         Reflect  .   (cloak currently unavailable)
rCorr    .         Harm     .   (gloves currently unavailable)
MR       +....                  (boots currently unavailable)
Stlth    ++........             (no amulet)
Regen    0.0/turn               p - ring of poison resistance
MPRegen  0.2/turn               q - ring of see invisible

@: spider-form, non-regenerating
A: damage resistance, heal wounds, deterioration 1, sense surroundings 2, no
regeneration
a: Heal Wounds, End Transformation, Renounce Religion


You were on level 9 of the Dungeon.
You worshipped Makhleb.
Makhleb was noncommittal.
You were near starving.
You were a venomous arachnid creature.
You visited 2 branches of the dungeon, and saw 12 of its levels.

You collected 323 gold pieces.

Inventory:

Missiles
 a - 75 arrows
 z - 2 silver tomahawks (quivered)
Armour
 v - a +0 pair of gloves (melded)
 B - a +2 leather armour of magic resistance (melded)
Jewellery
 p - a ring of poison resistance (left front leg)
 q - a ring of see invisible (right front leg)
 r - an uncursed ring of fire
 t - an uncursed ring of ice
Wands
 A - a wand of confusion (2/48)
 E - a wand of iceblast (2/15)
 H - a wand of confusion (21/48)
Scrolls
 e - 9 scrolls of identify
 h - a scroll of random uselessness {unknown}
 i - a scroll of blinking {unknown}
 k - 3 scrolls of recharging {unknown}
 n - 4 scrolls of remove curse {unknown}
 o - 3 scrolls of enchant armour {unknown}
 s - 5 scrolls of teleportation {unknown}
 u - 2 scrolls of enchant weapon {unknown}
 y - a scroll of magic mapping {unknown}
 C - 2 scrolls of amnesia {unknown}
Potions
 b - 3 potions of lignification
 f - 2 potions of brilliance
 l - a potion of flight
 m - 2 potions of might
 w - 2 potions of curing
 x - a potion of agility {unknown}
Books
 c - a book of Changes

   Spells                             Type                      Level
   a - Beastly Appendage              Transmutation                1
   b - Sticks to Snakes               Transmutation                2
   c - Spider Form                    Transmutation/Poison         3
   d - Ice Form                       Ice/Transmutation            4
   e - Blade Hands                    Transmutation                5
 F - a book of Conjurations

   Spells                             Type                      Level
   a - Magic Dart                     Conjuration                  1
   b - Searing Ray                    Conjuration                  2
   c - Dazzling Spray                 Conjuration/Hexes            3
   d - Fulminant Prism                Conjuration/Hexes            4
   e - Force Lance                    Conjuration/Translocation    4
   f - Iskenderun's Mystic Blast      Conjuration                  4
Comestibles
 d - 5 bread rations
 g - 2 fruits
 j - 4 royal jellies
 D - 2 meat rations


   Skills:
 - Level 3.3 Fighting
 - Level 7.1 Dodging
 + Level 7.3 Unarmed Combat
 - Level 5.0 Spellcasting
 - Level 6.0 Transmutations
 - Level 3.0 Poison Magic


You had 12 spell levels left.
You knew the following spells:

 Your Spells              Type           Power        Failure   Level  Hunger
a - Spider Form           Tmut/Pois      ###.......   22%         3    ###....
b - Sticks to Snakes      Tmut           ###.....     9%          2    ##.....
c - Beastly Appendage     Tmut           ###...       7%          1    None


Dungeon Overview and Level Annotations

Branches:
Dungeon (11/15)            Temple (1/1) D:7
   Lair: D:8-11         Orc: D:9-12

Altars:
Cheibriados
Gozag
Hepliaklqana
Kikubaaqudgha
Makhleb
Nemelex Xobeh
Qazlal
Ru
Sif Muna
Trog
Uskayaw
Vehumet
Xom
Yredelemnul
Zin
The Shining One

Shops:
D:8 (

Annotations:
D:9 Erica


Innate Abilities, Weirdness & Mutations

You are resistant to damage.
You can heal yourself by infusing magical energy.
You passively map the area around you.
You do not regenerate.
((You have a pair of small horns on your head.))
Your body sometimes deteriorates upon taking damage.


Message History

Your ball python bites Erica but does no damage.
Erica completely misses you.
Your ball python bites Erica.
Your ball python constricts Erica.
You hit Erica.
Erica is poisoned.
Erica is lightly wounded.
Your ball python bites Erica.
Your ball python bites Erica but does no damage.
Your ball python constricts Erica.
Erica hits you with a scimitar of flaming.
* * * LOW HITPOINT WARNING * * *
Erica burns you.
Your ball python bites Erica but does no damage.
Put on which piece of jewellery? (? for menu, Esc to quit)
Okay, then.
Your ball python bites Erica but does no damage.
Your ball python constricts Erica.
Your ball python bites Erica but does no damage.
Erica points at you and mumbles some strange words.
The orb of energy hits you!
You die...

, ... ,,, ,
...######
#########.....[..#
........#........#
........#........#
........#.. ,..S.#
.<......#.#####@.#
........#.+...#S.#
#########.#...#.s#
..........#...#..#
.........)#...#..##
..#####...#...'...#
..# #...#...#...#
#.# #...#####...#
#.# #...........#
### #############


You could see Erica and 2 friendly ball pythons.

Vanquished Creatures
  A two-headed ogre (D:8)
  Sigmund (D:3)
  A hungry ghost (D:4)
  The ghost of Irenicus the Changer, an amateur DDTm (D:4)
  A black bear (D:8)
  2 ice beasts
  4 sky beasts
  2 ogres
  3 centaurs
  A crocodile (D:10)
  A big kobold (D:7)
  2 bullfrogs
  Dowan (D:4)
  3 scorpions
  A howler monkey (D:7)
  5 wights
  2 crimson imps
  3 orc wizards (D:8)
  2 hounds
  2 orc priests
  3 jellies
  3 worker ants
  A hound skeleton (D:6)
  A howler monkey skeleton (D:7)
  4 gnolls
  9 adders
  A shadow imp (D:5)
  An adder skeleton (D:6)
  3 dart slugs
  6 leopard geckos
  21 orcs
  A ball python (D:1)
  4 giant cockroaches
  4 goblins
  4 hobgoblins
  10 jackals
  8 kobolds
  5 quokkas
  4 bats
  3 frilled lizards
  A quokka skeleton (D:4)
  8 rats
144 creatures vanquished.

Vanquished Creatures (collateral kills)
  Duvessa (D:4)
  A centaur (D:6)
  A jelly (D:6)
  An iguana (D:4)
  2 adders (D:5)
  A worm (D:3)
  An orc (D:8)
  2 goblins (D:1)
  A hobgoblin (D:2)
  5 jackals
  A frilled lizard (D:2)
  A kobold (D:1)
  A rat (D:1)
19 creatures vanquished.

Grand Total: 163 creatures vanquished

Notes
Turn   | Place    | Note
-------+----------+-------------------------------------------
     0 | D:1      | Irenicus the Deep Dwarf Transmuter began the quest for the Orb.
     0 | D:1      | Reached XP level 1. HP: 16/16 MP: 3/3
   181 | D:1      | Reached XP level 2. HP: 12/24 MP: 1/5
   265 | D:1      | Reached skill level 1 in Fighting
   407 | D:1      | Learned a level 2 spell: Sticks to Snakes
   754 | D:2      | Reached XP level 3. HP: 29/31 MP: 0/6
   769 | D:2      | Found a faded altar of an unknown god.
   961 | D:2      | Learned a level 3 spell: Spider Form
  1315 | D:3      | Found a hide-covered altar of Uskayaw.
  1318 | D:3      | Found a shimmering altar of Xom.
  1319 | D:3      | Found a stormy altar of Qazlal.
  1319 | D:3      | Found a basalt altar of Yredelemnul.
  1320 | D:3      | Found an opulent altar of Gozag.
  1433 | D:3      | Found a bloodstained altar of Trog.
  1495 | D:3      | Noticed Sigmund
  1506 | D:3      | Killed Sigmund
  1506 | D:3      | Reached XP level 4. HP: 24/38 MP: 1/7
  1506 | D:3      | Reached XP level 5. HP: 28/44 MP: 1/8
  1587 | D:3      | Reached skill level 5 in Transmutations
  1689 | D:3      | Reached skill level 1 in Poison Magic
  1991 | D:4      | Noticed Duvessa
  1991 | D:4      | Noticed Dowan
  2049 | D:4      | Noticed a hungry ghost
  2075 | D:4      | Killed a hungry ghost
  2075 | D:4      | Reached XP level 6. HP: 20/51 MP: 4/9
  2221 | D:4      | Noticed Irenicus's ghost (amateur DDTm)
  2388 | D:4      | Killed Duvessa
  2388 | D:4      | Reached XP level 7. HP: 40/57 MP: 1/10
  2402 | D:4      | Killed Dowan
  2639 | D:4      | Killed Irenicus's ghost
  2932 | D:5      | Entered Level 5 of the Dungeon
  2979 | D:4      | Reached skill level 5 in Unarmed Combat
  3038 | D:5      | Reached XP level 8. HP: 37/64 MP: 4/11
  3211 | D:5      | Found an ancient bone altar of Kikubaaqudgha.
  3216 | D:5      | Found a deep blue altar of Sif Muna.
  3218 | D:5      | Found a radiant altar of Vehumet.
  3222 | D:5      | Identified Sif Muna's Almanac of Transmigration
  3659 | D:6      | Gained mutation: Your body sometimes deteriorates upon taking damage. [potion of mutation]
  3659 | D:6      | Gained mutation: You have a pair of small horns on your head. [potion of mutation]
  3939 | D:6      | Reached skill level 5 in Dodging
  4172 | D:6      | Gained mutation: You passively map the area around you. [Deep Dwarf growth]
  4172 | D:6      | Reached XP level 9. HP: 33/70 MP: 12/12
  4787 | D:7      | Found a staircase to the Ecumenical Temple.
  4792 | Temple   | Entered the Ecumenical Temple
  4894 | Temple   | Became a worshipper of Makhleb the Destroyer
  5548 | D:8      | Noticed a two-headed ogre
  5667 | D:8      | Noticed a two-headed ogre
  5704 | D:8      | Killed a two-headed ogre
  5725 | D:8      | Found Syabb's Antique Weapon Shop.
  5862 | D:8      | You fall through a shaft for 3 floors!
  5879 | D:10     | Entered Level 10 of the Dungeon
  5903 | D:10     | Noticed a two-headed ogre
  5999 | D:8      | Reached skill level 5 in Spellcasting
  6060 | D:9      | Noticed a troll
  6156 | D:9      | Noticed Erica
  6170 | D:9      | Killed from afar by Erica

Skill      XL: |  1  2  3  4  5  6  7  8  9 |
---------------+----------------------------+-----
Unarmed Combat | 3 5 7 |  7.3
Spellcasting   | 2 5 |  5.0
Fighting       | 1 3 |  3.3
Transmutations | 2 4 5 6 |  6.0
Poison Magic   | 2 3 |  3.0
Dodging        | 6 7 |  7.1

Action                   |  1- 3 |  4- 6 |  7- 9 || total
-------------------------+-------+-------+-------++-------
Melee: Unarmed           |   116 |    88 |   335 ||   539
       Kick              |     3 |       |     1 ||     4
       Headbutt          |     2 |       |     7 ||     9
       Punch             |       |     1 |       ||     1
 Cast: Beastly Appendage |    16 |       |     1 ||    17
       Sticks to Snakes  |     8 |    11 |    51 ||    70
       Spider Form       |     4 |    15 |    42 ||    61
 Abil: Heal Wounds       |     1 |     1 |     5 ||     7
Evoke: Wand              |       |       |     3 ||     3
  Use: Potion            |       |       |     9 ||     9
       Scroll            |       |       |     1 ||     1
 Stab: Sleeping          |     4 |       |     1 ||     5
       Distracted        |       |       |     2 ||     2
  Eat: Chunk             |     3 |     6 |    19 ||    28
       Fruit             |       |     4 |     1 ||     5
Armor: Robe              |    21 |     6 |       ||    27
       Skin              |       |     3 |    10 ||    13
       Leather armour    |       |       |    19 ||    19
Dodge: Dodged            |    88 |    60 |   267 ||   415
